 Dungeon Crawl Stone Soup version 0.27-a0-394-g49c82dfaf2 (webtiles) character file.

Game seed: 16333729413587121129

277 sahdkjhfkaj the Ruffian (level 6, -4/91 HPs)
             Began as a Troll Summoner on Feb 20, 2021.
             Was a Follower of Trog.
             Slain by a gnoll shaman
             ... wielding a +0 whip
              (8 damage)
             ... on level 3 of the Dungeon.
             The game lasted 00:06:16 (2289 turns).

sahdkjhfkaj the Ruffian (Troll Summoner)            Turns: 2289, Time: 00:06:17

Health: -4/91      AC:  5    Str: 19    XL:     6   Next: 4%
Magic:  6/6        EV:  9    Int: 11    God:    Trog [*.....]
Gold:   108        SH:  0    Dex: 10    Spells: 6/7 levels left

rFire    . . .     SeeInvis .     - Unarmed
rCold    + . .     Faith    .   (no shield)
rNeg     + . .     Spirit   .   a - +0 robe
rPois    .         Reflect  .   (helmet restricted)
rElec    .         Harm     .   i - +0 cloak
rCorr    .         Rampage  .   (gloves unavailable)
Will     .....                  (boots unavailable)
Stlth    ..........             (no amulet)
HPRegen  1.25/turn              o - ring of positive energy
MPRegen  0.10/turn              c - ring of protection from cold

@: berserking, glowing, very quick
A: large, unfitting armour, claws 3, regeneration 1, shaggy fur 1, tough skin 1
a: Renounce Religion, Berserk


You were on level 3 of the Dungeon.
You worshipped Trog.
Trog was aware of your devotion.
You visited 1 branch of the dungeon, and saw 3 of its levels.

You collected 108 gold pieces.

Inventory:

Armour
 a - a +0 robe (worn)
 i - a +0 cloak (worn)
Jewellery
 c - a ring of protection from cold (right claw)
 o - a ring of positive energy (left claw)
Scrolls
 b - a scroll of fear {!r, unknown}
 f - a scroll of random uselessness {!r, unknown}
 g - a scroll of fog {!r, unknown}
 k - a scroll of blinking {!r, unknown}
 n - a scroll of magic mapping {!r, unknown}
Potions
 d - a potion of haste {!q, unknown}
 e - 3 potions of curing {!q, unknown}
 h - 2 potions of brilliance {!q, unknown}
 j - a potion of lignification {!q, unknown}
 l - a potion of flight {!q, unknown}
 m - a potion of heal wounds {!q, unknown}


   Skills:
 + Level 3.4 Fighting
 - Level 1.5 Dodging
 - Level 1.0 Stealth
 - Level 4.0 Unarmed Combat
 - Level 1.2 Spellcasting
 - Level 2.9 Summonings


You had 6 spell levels left.
You knew the following spells:

 Your Spells              Type           Power        Failure   Level
a - Summon Small Mammal   Summ           28%          10%         1

Your spell library contained the following spells:

 Spells                   Type           Power        Failure   Level
 Call Imp                 Summ           7%           14%         2
 Call Canine Familiar     Summ           7%           28%         3
 Summon Guardian Golem    Hex/Summ       3%           45%         3
 Summon Ice Beast         Ice/Summ       3%           86%         4
 Summon Lightning Spire   Summ/Air       3%           86%         4


Dungeon Overview and Level Annotations

Branches:
Dungeon (3/15)

Altars:
Fedhas
Gozag
Okawaru
Sif Muna
Trog
Uskayaw

Annotations:
D:3 Natasha


Innate Abilities, Weirdness & Mutations

You are too large for most types of armour.
You have claws for hands.
Your natural rate of healing is unusually fast.
You are covered in fur. (AC +1)
You have tough skin. (AC +1)


Message History

You scratch the gnoll shaman. Your claw misses the gnoll shaman.
The gnoll shaman is lightly wounded.
Unknown command.
You closely miss the gnoll shaman. Your claw misses the gnoll shaman.
The gnoll shaman is lightly wounded.
The gnoll hits you from afar with a +0 halberd!
* * * LOW HITPOINT WARNING * * *
The gnoll shaman hits you with a +0 whip.
* * * LOW HITPOINT WARNING * * *
You claw the gnoll shaman!
The gnoll shaman is severely wounded.
The gnoll closely misses you.
Unknown command.
You claw the gnoll shaman!
You kill the gnoll shaman!
Trog accepts your kill.
The gnoll hits you from afar with a +0 halberd.
* * * LOW HITPOINT WARNING * * *
You have reached level 6!
Your experience leads to an increase in your attributes!
Increase (S)trength, (I)ntelligence, or (D)exterity?
You feel stronger. x2
The gnoll hits you with a +0 halberd!
* * * LOW HITPOINT WARNING * * *
You see here a gnoll corpse.
You completely miss the gnoll. The gnoll closely misses you.
Unknown command.
You claw the gnoll!
You kill the gnoll!
Trog accepts your kill.
The gnoll shaman hits you with a +0 whip!
* * * LOW HITPOINT WARNING * * *
You are too berserk!
You barely miss the gnoll shaman. You claw the gnoll shaman!
The gnoll shaman is almost dead.
The gnoll shaman calls upon its god to speed up the gnoll shaman.
The gnoll shaman seems to speed up.
The gnoll hits you but does no damage.
The gnoll shaman hits you with a +0 whip!
You die...

#..######...§g......#
#...........>##
#.......g.....##
####.####g.gg.....#
#.......#.g#g##.#.#
#.8.))8.#....##...#
##
#.......#.###g.##.#
.#
#.8...8.#.g##gg##.#
.#
#.......##hg@##...#
.#
#.8...8.##.#.##.###
.# #...<...##...####
.# ###############
.###..##.# .#....##.#
......##.#######
.###...........#
...............#


You could see 3 gnoll shamans, Natasha and 2 gnolls.

Vanquished Creatures
  A gnoll shaman (D:3)
  Natasha (twice) (D:3)
  6 gnolls (D:3)
  6 adders
  An ooze (D:1)
  A worm (D:3)
  A dart slug (D:2)
  2 leopard geckos
  4 ball pythons
  6 bats
  2 giant cockroaches (D:1)
  8 hobgoblins
  14 jackals (D:3)
  3 quokkas
  4 frilled lizards
  6 goblins
  3 kobolds
  4 rats
74 creatures vanquished.

Notes
Turn   | Place    | Note
-------+----------+-------------------------------------------
     0 | D:1      | sahdkjhfkaj the Troll Summoner began the quest for the Orb.
     0 | D:1      | Reached XP level 1. HP: 16/16 MP: 1/1
    46 | D:1      | Reached skill level 1 in Unarmed Combat
    59 | D:1      | Reached skill level 1 in Fighting
    59 | D:1      | Reached XP level 2. HP: 26/27 MP: 2/2
   262 | D:1      | Reached skill level 2 in Unarmed Combat
   613 | D:2      | Reached XP level 3. HP: 24/33 MP: 3/3
   878 | D:2      | Found a bloodstained altar of Trog.
   944 | D:2      | Became a worshipper of Trog the Wrathful
  1169 | D:2      | Reached XP level 4. HP: 41/42 MP: 4/4
  1221 | D:2      | Noticed a +0 hand axe
  1222 | D:2      | Noticed a +0 hand axe
  1223 | D:2      | Found a hide-covered altar of Uskayaw.
  1637 | D:3      | Reached skill level 3 in Unarmed Combat
  1692 | D:3      | Found an opulent altar of Gozag.
  1760 | D:3      | Found a shimmering blue altar of Sif Muna.
  1854 | D:3      | Found an iron altar of Okawaru.
  1864 | D:3      | Found a blossoming altar of Fedhas.
  1973 | D:3      | Noticed Natasha
  1982 | D:3      | Killed Natasha
  1983 | D:3      | Reached XP level 5. HP: 40/50 MP: 5/5
  2128 | D:3      | Reached * piety under Trog
  2129 | D:3      | Noticed Natasha
  2145 | D:3      | Killed Natasha
  2248 | D:3      | Noticed an ogre
  2248 | D:3      | Noticed Natasha
  2276 | D:3      | Reached skill level 4 in Unarmed Combat
  2285 | D:3      | Reached XP level 6. HP: 20/61 MP: 6/6
  2287 | D:3      | HP: 3/91 [gnoll shaman/+0 whip (9)]
  2289 | D:3      | Slain by a gnoll shaman

Illustrated notes

Levels and vault maps discovered:
D:1:      evilmike_arrival_plus, layout_basic, st_stairs_9
D:2:      layout_basic, dancing_weapons_uskayaw, trog_book
D:3:      lemuel_castle_with_subvaults [lemuel_castle_interior_original],
          layout_rooms, general_overflow_altar, lemuel_blue_sif_altar,
          lemuel_doored_altar, st_stairs_7, grunt_ministairs_3,
          grunt_gozag_statues, uniq_natasha

Skill      XL: |  1  2  3  4  5 |
---------------+----------------+-----
Unarmed Combat | 1 2 3 4 |  4.0
Fighting       | 1 2 3 |  3.4
Dodging        | |  1.5
Stealth        | |  1.0
Spellcasting   | |  1.2
Summonings     | |  2.9

Action                   |  1- 3 |  4- 6 || total
-------------------------+-------+-------++-------
Melee: Unarmed           |   129 |   111 ||   240
Invok: Berserk           |       |     2 ||     2
 Stab: Sleeping          |     2 |     1 ||     3
Armor: Robe              |    40 |    49 ||    89
Dodge: Dodged            |    67 |    71 ||   138

Table legend: (Time is in decaauts)
 A = Elapsed time spent in this place.
 B = Non-inter-level travel time spent in this place.
 C = Inter-level travel time spent in this place.
 D = Time resting spent in this place.
 E = Time spent auto-exploring this place.
 F = Levels seen in this place.
 G = Mean time per level.
                   A        B        C        D        E       F      G
               +--------+--------+--------+--------+--------+-----+--------+
         Total |   2285 |   2135 |    150 |     28 |   1570 |   3 |  761.7 |
       Dungeon |   2285 |   2135 |    150 |     28 |   1570 |   3 |  761.7 |
               +--------+--------+--------+--------+--------+-----+--------+

Top non-repeatable levels by time:
     D:2: 1025 daAuts
     D:3: 668 daAuts
     D:1: 592 daAuts
